 Dungeon Crawl Stone Soup version 0.31-a0-840-g6d2ecbb638 (webtiles) character file.

Game seed: 389280626947464028

2218 Essalna the Geomancer (level 9, -1/57 HPs)
             Began as a Gargoyle Earth Elementalist on Sept 27, 2023.
             Was an Initiate of Vehumet.
             Slain by a killer bee (7 damage)
             ... on level 7 of the Dungeon.
             The game lasted 00:11:23 (6731 turns).

Essalna the Geomancer (Gargoyle Earth Elementalist) Turns: 6731, Time: 00:11:23

Health: -1/57      AC:  8    Str: 12    XL:     9   Next: 35%
Magic:  9/15       EV: 11    Int: 20    God:    Vehumet [......]
Gold:   336        SH:  4    Dex: 10    Spells: 12/16 levels left

rFire   . . .        w - +3 hand axe (elec)
rCold   + . .        n - +0 buckler
rNeg    + . .        a - +0 robe
rPois   ∞            (no helmet)
rElec   +            (no cloak)
rCorr   .            (no gloves)
SInv    .            (no boots)
Will    .....        (no amulet)
Stlth   ++           d - ring of protection from cold
HPRegen 0.29/turn    (no ring)
MPRegen 0.14/turn

%: no passive effects
@: no status effects
A: sickness immunity, AC +6, negative energy resistance 1, electricity
resistance, torment resistance 1, petrification resistance
a: Renounce Religion


You were on level 7 of the Dungeon.
You worshipped Vehumet.
Vehumet was noncommittal.
You visited 2 branches of the dungeon, and saw 9 of its levels.

You collected 336 gold pieces.

Inventory:

Hand Weapons
 g - a +0 short sword
 p - a +2 falchion of freezing
 w - a +3 hand axe of electrocution (weapon)
Armour
 a - a +0 robe (worn)
 n - a +0 buckler (worn)
Jewellery
 d - a ring of protection from cold (left hand)
 r - a +4 ring of protection
Wands
 q - a wand of polymorph (26)
 x - a wand of quicksilver (27)
 C - a wand of mindburst (16)
Scrolls
 c - a scroll of noise
 i - a scroll of blinking
 j - a scroll of identify
 l - a scroll of revelation
 t - 2 scrolls of fear
 A - a scroll of amnesia
Potions
 b - 2 potions of magic
 e - a potion of haste
 f - 3 potions of mutation
 h - 3 potions of might
 k - 4 potions of curing
 m - 3 potions of attraction
 o - 3 potions of degeneration {unknown}
 s - a potion of brilliance {unknown}
 u - a potion of berserk rage {unknown}
 v - 3 potions of heal wounds {unknown}
 z - 2 potions of lignification {unknown}
 B - 2 potions of ambrosia {unknown}


   Skills:
 + Level 7.1 Fighting
 - Level 1.5 Dodging
 - Level 2.1 Stealth
 + Level 2.2 Shields
 - Level 4.0 Spellcasting
 + Level 7.0 Conjurations
 - Level 2.0 Transmutations
 - Level 8.0 Earth Magic


You had 12 spell levels left.
You knew the following spells:

 Your Spells              Type           Power      Damage    Failure   Level
a - Sandblast             Erth           72%        2d16      1%          1
b - Stone Arrow           Conj/Erth      68%        3d11      2%          3

Your spell library contained the following spells:

 Spells                   Type           Power      Damage    Failure   Level
 Magic Dart               Conj           100%       1d8       1%          1
 Passwall                 Tmut/Erth      20%        N/A       3%          2
 Brom's Barrelling Bould  Conj/Erth      34%        2d5       9%          4
 Mephitic Cloud           Conj/Pois/Air  13%        N/A       21%         3
 Petrify                  Tmut/Erth      24%        N/A       22%         4
 Call Imp                 Summ           8%         N/A       26%         2
 Ozocubu's Armour         Ice            4%         N/A       47%         3
 Anguish                  Hex/Necr       2%         N/A       87%         4
 Cause Fear               Hex            2%         N/A       87%         4
 Enfeeble                 Hex            2%         N/A       100%        7
 Ozocubu's Refrigeration  Ice            2%         4d7       100%        7


Dungeon Overview and Level Annotations

Branches:
Dungeon (8/15)             Temple (1/1) D:7
   Lair: D:8-11

Altars:
Ashenzari
Cheibriados
Dithmenos
Elyvilon
Fedhas
Hepliaklqana
Makhleb
Nemelex Xobeh
Okawaru
Qazlal
Ru
Sif Muna
Trog
Uskayaw
Vehumet
Wu Jian
Yredelemnul
Zin
The Shining One

Shops:
D:1 ?

Annotations:
D:6 1 runed translucent door, Pascal76's ghost, novice GrGl


Innate Abilities, Weirdness & Mutations

You are immune to sickness and miasma.
Your stone body is resilient. (AC +6)
You are immune to poison.
You resist negative energy. (rN+)
You are resistant to electric shocks. (rElec)
You are resistant to unholy torment.
You are immune to petrification.


Message History

The killer bee stings you. The killer bee stings you!
The killer bee stings you. x2
There is a stone staircase leading up here.
The killer bee misses you. The killer bee stings you.
The killer bee stings you but does no damage.
The killer bee closely misses you. The wight closely misses you.
You climb upwards.
There is a stone staircase leading down here.
Casting: Sandblast (safe; 1% risk of failure)
Confirm with . or Enter, or press ? or * to list all spells.
Aiming: Sandblast (safe; 1% risk of failure)
Press: ? - help, Shift-Dir - straight line, f - killer bee
Aim: a killer bee (lightly wounded, 67% to hit)
The blast of sand misses the killer bee.
The killer bee closely misses you. x2; The killer bee stings you.
* * * LOW HITPOINT WARNING * * *
The killer bee barely misses you. The killer bee stings you.
* * * LOW HITPOINT WARNING * * *
The killer bee stings you!
* * * LOW HITPOINT WARNING * * *
Casting: Sandblast (safe; 1% risk of failure)
Confirm with . or Enter, or press ? or * to list all spells.
Aiming: Sandblast (safe; 1% risk of failure)
Press: ? - help, Shift-Dir - straight line, f/p - killer bee
Aim: a killer bee (lightly wounded, 67% to hit)
The blast of sand hits the killer bee!
You kill the killer bee!
Vehumet accepts your kill. The killer bee completely misses you.
The killer bee stings you but does no damage.
You block the killer bee's attack.
Your Conjurations skill increases to level 7!
Casting: Sandblast (safe; 1% risk of failure)
Confirm with . or Enter, or press ? or * to list all spells.
Aiming: Sandblast (safe; 1% risk of failure)
Press: ? - help, Shift-Dir - straight line, f - killer bee
Aim: a killer bee (67% to hit)
The blast of sand misses the killer bee.
The killer bee stings you!
You die...

...#.....#..................###..
...#.....###.....#>############..
...#.......#.....#..###..........
####.......#.....#.##_##.........
..#........#.....###.####........
..##.......#.....##.#.#.#######.#
..##.......#......#.##..#...###.#
...........#......##.####...#....
...........#....@y###.###...#....
...........#......####.##...#....
####..##...#......#..##.#...##'##
..##..##...########.#.#.#'#......
..#...'...........####.##.#......
..#...#............##.##..#......
..#...#...................#......
..#...#...................#......
..#..###..###....##########......


You could see a killer bee.

Vanquished Creatures
  Sigmund (D:3)
  A water moccasin (D:5)
  A black bear (D:7)
  An ice beast (D:7)
  A sky beast (D:7)
  3 centaurs
  An ogre (D:6)
  A bullfrog (D:8)
  A kobold brigand (D:7)
  3 scorpions
  4 killer bees
  5 jellies
  4 orc priests
  4 hounds
  6 iguanas
  2 sleepcaps
  An orc wizard (D:5)
  Robin (D:3)
  4 adders
  4 gnolls
  A shadow imp (D:5)
  3 white imps
  4 worms
  3 dart slugs
  19 orcs
  9 ball pythons
  6 endoplasms
  7 giant cockroaches
  12 goblins
  10 hobgoblins
  4 jackals (D:2)
  5 bats (D:2)
  4 frilled lizards (D:1)
  12 kobolds
  8 rats
156 creatures vanquished.

Notes
Turn   | Place    | Note
-------+----------+-------------------------------------------
     0 | D:1      | Essalna the Gargoyle Earth Elementalist began the quest for
                  | the Orb.
     0 | D:1      | Reached XP level 1. HP: 10/10 MP: 3/3
    77 | D:1      | Reached skill level 1 in Transmutations
   191 | D:1      | Found Sotomuqa's Magic Scroll Shop.
   198 | D:1      | Reached XP level 2. HP: 15/15 MP: 3/5
   317 | D:1      | Reached skill level 4 in Earth Magic
   396 | D:1      | Reached XP level 3. HP: 19/19 MP: 1/6
  1195 | D:2      | Reached XP level 4. HP: 12/24 MP: 2/8
  1547 | D:2      | Found a faded altar of an unknown god.
  1979 | D:3      | Reached XP level 5. HP: 28/28 MP: 3/9
  2307 | D:4      | Reached skill level 5 in Earth Magic
  2399 | D:4      | Learned a level 3 spell: Stone Arrow
  2471 | D:4      | Reached skill level 1 in Fighting
  2471 | D:4      | Reached skill level 1 in Conjurations
  2471 | D:4      | Reached XP level 6. HP: 30/34 MP: 6/11
  2927 | D:4      | Found a hide-covered altar of Uskayaw.
  3181 | D:3      | Noticed Sigmund
  3194 | D:3      | Killed Sigmund
  3195 | D:3      | Reached skill level 6 in Earth Magic
  3195 | D:3      | Reached XP level 7. HP: 41/41 MP: 8/13
  3346 | D:3      | Noticed Robin
  3368 | D:3      | Killed Robin
  4160 | D:5      | Entered Level 5 of the Dungeon
  4443 | D:5      | Reached skill level 7 in Earth Magic
  4469 | D:5      | Reached XP level 8. HP: 40/48 MP: 8/14
  4514 | D:5      | Found a blossoming altar of Fedhas.
  4812 | D:6      | Noticed Pascal76's ghost (novice GrGl)
  4813 | D:6      | Found a runed translucent door.
  5250 | D:6      | Reached skill level 5 in Fighting
  5250 | D:6      | Reached skill level 5 in Conjurations
  5304 | D:6      | Reached skill level 8 in Earth Magic
  5309 | D:6      | Found a sacrificial altar of Ru.
  5309 | D:6      | Found an iron altar of Okawaru.
  5791 | D:7      | Found a staircase to the Ecumenical Temple.
  5801 | Temple   | Entered the Ecumenical Temple
  5814 | Temple   | Became a worshipper of Vehumet
  5944 | D:7      | Reached XP level 9. HP: 55/55 MP: 13/15
  6355 | D:7      | Found a burning altar of Makhleb.
  6501 | D:7      | Reached skill level 1 in Shields
  6731 | D:7      | Slain by a killer bee

Illustrated notes

Levels and vault maps discovered:
D:1:      arrival_zaba_pyramid, layout_basic, serial_shops, shop,
          minmay_heptomino_o4
D:2:      layout_basic, hellmonk_ecumenical_altar_slurped_away, minmay_tripent
D:3:      layout_basic, uniq_robin, uniq_sigmund
D:4:      layout_gridville, lemuel_doored_altar
D:5:      layout_gridville, mainiacjoe_overflow_tiny_flanked
D:6:      layout_rooms, gammafunk_temple_overflow_elements,
          hellmonk_ghost_happy_afterlife, nicolae_figureground_pulse
D:7:      layout_gridville, marbit_many_paths, minmay_temple_entry_proselytizer
D:8:      layout_layer_cave, nicolae_gozag_cash_rules_everything_around_me,
          minmay_gold_behind_fungi, dreamdust_wishing_well,
          lightli_church_of_beogh, uniq_erica
Temple:   nicolae_temple_ecumenical_triangle

Skill      XL: |  1  2  3  4  5  6  7  8  9 |
---------------+----------------------------+-----
Transmutations | 1 2 |  2.0
Earth Magic    | 4 5 6 7 8 |  8.0
Spellcasting   | 3 4 |  4.0
Fighting       | 1 3 4 6 7 |  7.1
Conjurations   | 1 2 4 6 7 |  7.0
Shields        | 2 |  2.2
Dodging        | |  1.5
Stealth        | |  2.1

Action                     |  1- 3 |  4- 6 |  7- 9 || total
---------------------------+-------+-------+-------++-------
  Melee: Unarmed           |     5 |       |       ||     5
         Short sword       |    17 |       |       ||    17
         Falchion          |       |     4 |       ||     4
         Hand axe          |       |     3 |    23 ||    26
   Cast: Sandblast         |    50 |   100 |   130 ||   280
    Use: Scroll            |       |       |    14 ||    14
 Armour: Robe              |    15 |    27 |   113 ||   155
  Dodge: Dodged            |    28 |    40 |    87 ||   155
  Block: Buckler           |       |       |     8 ||     8

Table legend: (Time is in decaauts)
 A = Elapsed time spent in this place.
 B = Non-inter-level travel time spent in this place.
 C = Inter-level travel time spent in this place.
 D = Time resting spent in this place.
 E = Time spent auto-exploring this place.
 F = Levels seen in this place.
 G = Mean time per level.
                   A        B        C        D        E       F      G
               +--------+--------+--------+--------+--------+-----+--------+
         Total |   6877 |   6575 |    302 |    159 |   5444 |   9 |  764.1 |
       Dungeon |   6854 |   6560 |    294 |    159 |   5444 |   8 |  856.8 |
        Temple |     22 |     14 |      8 |      0 |      0 |   1 |   22.0 |
               +--------+--------+--------+--------+--------+-----+--------+

Top non-repeatable levels by time:
     D:4: 1222 daAuts
     D:3: 1162 daAuts
     D:1: 1040 daAuts
     D:7: 1028 daAuts
     D:2: 823 daAuts
     D:5: 823 daAuts
     D:6: 625 daAuts
     D:8: 128 daAuts
  Temple: 22 daAuts
